 Dungeon Crawl Stone Soup version 0.28.0-45-g0d030f2227 (webtiles) character file.

Game seed: 6813638319492801459

315 DearestLeader the Shield-Bearer (level 6, 0/53 HPs)
             Began as a Gnoll Fighter on Mar 31, 2022.
             Was a Plaything of Xom.
             Slain by Edmund
             ... wielding a +3 flail of protection
              (2 damage)
             ... on level 3 of the Dungeon.
             The game lasted 00:04:17 (2912 turns).

DearestLeader the Shield-Bearer (Gnoll Fighter)     Turns: 2912, Time: 00:04:18

Health: 0/53       AC: 18    Str: 18    XL:     6   Next: 44%
Magic:  9/9        EV: 10    Int:  7    God:    Xom [....*.]
Gold:   69         SH:  5    Dex: 11    Spells: 9/9 levels left

rFire   . . .      SeeInvis .   h - +5 morningstar (protect)
rCold   . . .      Faith    .   c - +0 buckler
rNeg    . . .      Spirit   .   b - +0 scale mail
rPois   .          Reflect  .   (no helmet)
rElec   .          Harm     .   (no cloak)
rCorr   .          Rampage  .   (no gloves)
Will    .....                   (no boots)
Stlth   ..........              (no amulet)
HPRegen 0.17/turn               k - +4 ring of protection
MPRegen 0.11/turn               l - ring of wizardry

@: brilliant, under a protective aura, invisible
A: fangs 1, strong nose, distributed training
a: Renounce Religion


You were on level 3 of the Dungeon.
You worshipped Xom.
You were a beloved toy of Xom.
You visited 1 branch of the dungeon, and saw 4 of its levels.

You collected 69 gold pieces.

Inventory:

Hand Weapons
 a - a +0 war axe
 h - a +5 morningstar of protection (weapon)
Armour
 b - a +0 scale mail (worn)
 c - a +0 buckler (worn)
 e - a +0 chain mail
Jewellery
 k - a +4 ring of protection (left hand)
 l - a ring of wizardry (right hand)
Scrolls
 f - 3 scrolls of identify {unknown}
 g - a scroll of fear
 i - a scroll of noise {unknown}
 j - 2 scrolls of immolation {unknown}
 n - a scroll of teleportation {unknown}
Potions
 d - a potion of might


   Skills:
 + Level 6.8 Fighting
 + Level 2.0 Short Blades
 + Level 2.0 Long Blades
 + Level 5.0 Axes
 + Level 2.0 Maces & Flails
 + Level 2.0 Polearms
 + Level 2.0 Staves
 + Level 2.0 Slings
 + Level 2.0 Bows
 + Level 2.0 Crossbows
 + Level 2.0 Throwing
 + Level 6.8 Armour
 + Level 2.0 Dodging
 + Level 2.0 Stealth
 + Level 6.8 Shields
 + Level 2.0 Unarmed Combat
 + Level 2.0 Spellcasting
 + Level 1.5 Conjurations
 + Level 1.5 Hexes
 + Level 1.5 Summonings
 + Level 1.5 Necromancy
 + Level 1.5 Translocations
 + Level 1.5 Transmutations
 + Level 1.5 Fire Magic
 + Level 1.5 Ice Magic
 + Level 1.5 Air Magic
 + Level 1.5 Earth Magic
 + Level 1.5 Poison Magic
 + Level 2.1 Invocations
 + Level 2.0 Evocations


You had 9 spell levels left.
You didn't know any spells.
Your spell library contained the following spells:

 Spells                   Type           Power      Damage    Failure   Level
 Summon Guardian Golem    Hex/Summ       4%         N/A       61%         3
 Orb of Destruction       Conj           2%         9d5       100%        7
 Spellforged Servitor     Conj/Summ      2%         N/A       100%        7


Dungeon Overview and Level Annotations

Branches:
Dungeon (4/15)
 Temple: D:4-7

Altars:
Vehumet
Xom

Annotations:
D:3 Edmund


Innate Abilities, Weirdness & Mutations

You have very sharp teeth.
Your uncanny sense of smell can sniff out nearby items.
Your experience applies equally to all skills.


Message History

Your Spellcasting skill increases to level 2!
Your Evocations skill increases to level 2!
You bump into the rock wall.
Xom makes a sudden noise!
You hear an echo.
You are now a favourite toy of Xom.
You hear a shout!
You bump into the rock wall.
Edmund hits himself with a +3 flail of protection!
Edmund shouts!
You're too confused to move!
You feel less confused.
Edmund seems less confused.
Edmund gestures with his flail.
Things that are here:
a +5 morningstar of protection; a +0 robe; the orc corpse of Blork the orc
h - a +5 morningstar of protection Your +5 morningstar of protection hums with potential!
h - a +5 morningstar of protection (weapon)
Edmund says, "A flail is better than a scythe, any day of the week!"
Xom guffaws.
You begin to radiate toxic energy.
Edmund is poisoned.
You are now a beloved toy of Xom.
Edmund looks even sicker.
Your toxic aura wanes.
There is a stone staircase leading down here.
Edmund hits you with a +3 flail of protection!
* * * LOW HITPOINT WARNING * * *
You strike the helpless Edmund from behind!
You puncture Edmund!
Your weapon exudes an aura of protection.
Your bite misses Edmund.
Edmund is severely wounded.
Edmund hits you with a +3 flail of protection!
* * * LOW HITPOINT WARNING * * *
It was a potion of brilliance.
You feel clever all of a sudden.
Xom thinks this is hilarious!
Edmund hits you with a +3 flail of protection.
You die... "This toy is broken."

#.#####.##.###
#.......##.#
##########.# #.# #.#
#.# #.#
#################.##
#.>...@@.........(.##
#.#######..####.....#
#..@..[....#####...##.#
#..######..##.........#
#..##.........###.#####
#..##.###..#### #.#
#..##.###..######)#
#...^@.............#
#.........#####.....#


You could see Edmund (poisoned).

Vanquished Creatures
  Sigmund (D:2)
  Blork the orc (D:3)
  2 adders (D:2)
  An adder skeleton (D:4)
  2 worms (D:2)
  2 dart slugs
  An orc (D:3)
  5 bats
  8 endoplasms
  5 giant cockroaches
  7 goblins
  3 hobgoblins
  2 kobolds
  3 quokkas
  8 ball pythons
  4 frilled lizards
  5 rats
60 creatures vanquished.

Notes
Turn   | Place    | Note
-------+----------+-------------------------------------------
     0 | D:1      | DearestLeader the Gnoll Fighter began the quest for the
                  | Orb.
     0 | D:1      | Reached XP level 1. HP: 23/23 MP: 1/1
   173 | D:1      | Reached XP level 2. HP: 29/29 MP: 2/2
   178 | D:1      | Found a faded altar of an unknown god.
   848 | D:1      | Reached XP level 3. HP: 35/35 MP: 3/3
  1440 | D:2      | Reached skill level 1 in Invocations
  1668 | D:2      | Reached skill level 1 in Short Blades
  1668 | D:2      | Reached skill level 1 in Long Blades
  1668 | D:2      | Reached skill level 1 in Maces & Flails
  1668 | D:2      | Reached skill level 1 in Polearms
  1668 | D:2      | Reached skill level 1 in Staves
  1668 | D:2      | Reached skill level 1 in Slings
  1668 | D:2      | Reached skill level 1 in Bows
  1668 | D:2      | Reached skill level 1 in Crossbows
  1668 | D:2      | Reached skill level 1 in Throwing
  1668 | D:2      | Reached skill level 1 in Dodging
  1668 | D:2      | Reached skill level 1 in Stealth
  1668 | D:2      | Reached skill level 1 in Unarmed Combat
  1668 | D:2      | Reached skill level 1 in Spellcasting
  1668 | D:2      | Reached skill level 1 in Evocations
  1668 | D:2      | Reached XP level 4. HP: 41/41 MP: 5/5
  1931 | D:2      | Noticed Sigmund
  1947 | D:2      | Killed Sigmund
  1948 | D:2      | Reached skill level 1 in Conjurations
  1948 | D:2      | Reached skill level 1 in Hexes
  1948 | D:2      | Reached skill level 1 in Summonings
  1948 | D:2      | Reached skill level 1 in Necromancy
  1948 | D:2      | Reached skill level 1 in Translocations
  1948 | D:2      | Reached skill level 1 in Transmutations
  1948 | D:2      | Reached skill level 1 in Fire Magic
  1948 | D:2      | Reached skill level 1 in Ice Magic
  1948 | D:2      | Reached skill level 1 in Air Magic
  1948 | D:2      | Reached skill level 1 in Earth Magic
  1948 | D:2      | Reached skill level 1 in Poison Magic
  1948 | D:2      | Reached XP level 5. HP: 40/47 MP: 5/7
  1948 | D:2      | Reached XP level 6. HP: 45/53 MP: 5/8
  2212 | D:3      | Found a radiant altar of Vehumet.
  2365 | D:3      | Found a shimmering altar of Xom.
  2373 | D:3      | Became a worshipper of Xom of Chaos
  2396 | D:3      | XOM: silly message
  2619 | D:3      | Noticed an orc warrior
  2716 | D:4      | XOM: silly message
  2838 | D:4      | Noticed Blork the orc
  2839 | D:4      | Noticed Edmund
  2858 | D:3      | XOM: potion effect (invisibility)
  2859 | D:3      | XOM: potion effect (curing)
  2876 | D:3      | XOM: confusion (+ monsters)
  2876 | D:3      | Killed Blork the orc
  2877 | D:3      | Reached skill level 5 in Axes
  2878 | D:3      | XOM: noise
  2900 | D:3      | XOM: cast spell 'Olgreb's Toxic Radiance'
  2911 | D:3      | HP: 2/53 [Edmund/+3 flail of protection (8)]
  2912 | D:3      | Slain by Edmund

Illustrated notes

Levels and vault maps discovered:
D:1:      scummos_arrival_gate, layout_basic, ebering_ecumenical_altar_rust,
          minmay_misc_feat_cross
D:2:      layout_loops_ring, serial_rivers, chequers_serial_rivers_micro_b,
          chequers_serial_rivers_small_a, chequers_serial_rivers_micro_d,
          chequers_serial_rivers_room_b, chequers_serial_rivers_micro_c,
          chequers_serial_rivers_micro_c, uniq_sigmund
D:3:      layout_loops_corners, vehumet_crystals, xom_teletrap_fun
D:4:      layout_cave_pools, minmay_temple_entry_fiery, serial_shops, shop,
          minmay_hollow_rounded_squares, uniq_blork_the_orc, uniq_edmund

Skill      XL: |  1  2  3  4  5  6 |
---------------+-------------------+-----
Invocations    | 1 2 |  2.1
Short Blades   | 1 2 |  2.0
Long Blades    | 1 2 |  2.0
Maces & Flails | 1 2 |  2.0
Polearms       | 1 2 |  2.0
Staves         | 1 2 |  2.0
Slings         | 1 2 |  2.0
Bows           | 1 2 |  2.0
Crossbows      | 1 2 |  2.0
Throwing       | 1 2 |  2.0
Dodging        | 1 2 |  2.0
Stealth        | 1 2 |  2.0
Unarmed Combat | 1 2 |  2.0
Spellcasting   | 1 2 |  2.0
Evocations     | 1 2 |  2.0
Conjurations   | 1 |  1.5
Hexes          | 1 |  1.5
Summonings     | 1 |  1.5
Necromancy     | 1 |  1.5
Translocations | 1 |  1.5
Transmutations | 1 |  1.5
Fire Magic     | 1 |  1.5
Ice Magic      | 1 |  1.5
Air Magic      | 1 |  1.5
Earth Magic    | 1 |  1.5
Poison Magic   | 1 |  1.5
Axes           | 5 |  5.0
Fighting       | |  6.8
Armour         | |  6.8
Shields        | |  6.8

Action                   |  1- 3 |  4- 6 || total
-------------------------+-------+-------++-------
Melee: War axe           |   102 |    76 ||   178
       Bite              |     7 |     7 ||    14
       Morningstar       |       |     1 ||     1
  Use: Potion            |       |     2 ||     2
       Scroll            |       |     2 ||     2
 Stab: Invisible         |       |     8 ||     8
Armor: Scale mail        |    45 |    34 ||    79
Dodge: Dodged            |    39 |    36 ||    75
Block: Buckler           |    17 |    22 ||    39
